 Dungeon Crawl Stone Soup version 0.31-a0-128-g25add195a6 (webtiles) character file.

Game seed: 10925780386529478220

14589 ryw the Arsonist (level 11, -7/79 HPs)
             Began as a Demigod Fire Elementalist on June 1, 2023.
             Mangled by Urug
             ... wielding a +3 glaive of protection
              (22 damage)
             ... on level 10 of the Dungeon.
             The game lasted 00:46:43 (14679 turns).

ryw the Arsonist (Demigod Fire Elementalist)       Turns: 14679, Time: 00:46:43

Health: -7/79      AC:  8    Str:  9    XL:     11   Next: 60%
Magic:  11/24      EV: 13    Int: 35    God:
Gold:   230        SH:  8    Dex: 14    Spells: 5/22 levels left

rFire   . . .        g - +2 dagger (venom)
rCold   + . .        y - +3 buckler "Fibral" {rC+}
rNeg    . . .        a - +1 robe {Will+}
rPois   +            i - +1 helmet
rElec   .            s - +0 cloak
rCorr   +            q - +0 pair of gloves
SInv    .            B - +0 pair of boots
Will    ++...        o - amulet of regeneration
Stlth   ++           D - ring of Meho {rPois rCorr}
HPRegen 1.13/turn    F - +6 ring of intelligence
MPRegen 0.19/turn

%: no passive effects
@: no status effects
A: high MP 1, forlorn, divine attributes
a: no special abilities


You were on level 10 of the Dungeon.
You visited 1 branch of the dungeon, and saw 10 of its levels.

You collected 572 gold pieces.
You spent 342 gold pieces at shops.

Inventory:

Hand Weapons
 g - a +2 dagger of venom (weapon)
 h - a +1 dagger of draining
 p - a +1 dagger of protection
 H - the +4 great mace of Moral Flaws {freeze, rPois rC+ Int+4}
   (You took it off a centaur on level 9 of the Dungeon)

   Int:       It affects your intelligence (+4).
   rC:        It protects you from cold.
   rPois:     It protects you from poison.
Missiles
 c - 20 boomerangs
Armour
 a - a +1 robe of willpower (worn)
 i - a +1 helmet (worn)
 q - a +0 pair of gloves (worn)
 s - a +0 cloak (worn)
 x - a +1 robe of cold resistance
 y - the +3 buckler "Fibral" (worn) {rC+}
   (You bought it in a shop on level 5 of the Dungeon)

   rC:        It protects you from cold.
 B - a +0 pair of boots (worn)
 G - a +1 leather armour of willpower
Jewellery
 e - a ring of see invisible
 o - an amulet of regeneration (around neck)
 D - the ring of Meho (left hand) {rPois rCorr}
   (You took it off a kobold on level 9 of the Dungeon)

   [ring of poison resistance]

   rPois:     It protects you from poison.
   rCorr:     It protects you from acid and corrosion.
 F - a +6 ring of intelligence (right hand)
Wands
 f - a wand of digging (10)
 A - a wand of flame (26)
 J - a wand of paralysis (4)
Scrolls
 d - 5 scrolls of amnesia
 j - 2 scrolls of immolation
 v - a scroll of magic mapping
 w - a scroll of enchant weapon
 z - 2 scrolls of noise
 I - 2 scrolls of poison
 K - 2 scrolls of teleportation
Potions
 b - 2 potions of magic
 k - a potion of mutation
 l - 2 potions of curing
 m - 2 potions of haste
 n - 2 potions of attraction
 r - a potion of berserk rage
 t - a potion of degeneration
 u - 3 potions of heal wounds
 C - 2 potions of brilliance {unknown}
 E - a potion of resistance {unknown}


   Skills:
 - Level 2.0 Fighting
 + Level 4.6 Dodging
 - Level 2.0 Stealth
 - Level 5.0 Shields
 + Level 6.0 Spellcasting
 + Level 9.1 Conjurations
 * Level 12.9 Fire Magic


You had 5 spell levels left.
You knew the following spells:

 Your Spells              Type           Power      Damage    Failure   Level
a - Foxfire               Conj/Fire      100%       2x1d9     1%          1
b - Scorch                Fire           100%       2d9       1%          2
c - Volatile Blastmotes   Fire/Tloc      100%       2d18      1%          3
d - Sticky Flame          Conj/Fire      73%        2d9       1%          4
e - Flame Wave            Conj/Fire      73%        2d16      1%          4
f - Stone Arrow           Conj/Erth      84%        3d12      2%          3

Your spell library contained the following spells:

 Spells                   Type           Power      Damage    Failure   Level
 Inner Flame              Hex/Fire       54%        N/A       1%          3
 Dazzling Flash           Conj/Hex       84%        N/A       2%          3
 Ignite Poison            Fire/Tmut/Pois 40%        N/A       2%          3
 Sandblast                Erth           20%        2d7       5%          1
 Slow                     Hex            40%        N/A       5%          1
 Sting                    Tmut/Pois      40%        1d5       5%          1
 Cigotuvi's Dreadful Rot  Necr/Pois/Air  20%        N/A       9%          2
 Poisonous Vapours        Pois/Air       20%        N/A       9%          2
 Iskenderun's Mystic Bla  Conj/Tloc      42%        2d10      9%          4
 Confusing Touch          Hex            10%        N/A       16%         3
 Vampiric Draining        Necr           10%        2d6       16%         3
 Freezing Cloud           Conj/Ice/Air   15%        6-21      41%         5
 Animate Armour           Summ/Erth      20%        N/A       47%         4
 Olgreb's Toxic Radiance  Pois           10%        N/A       47%         4
 Starburst                Conj/Fire      36%        6d11      9%          6
 Ignition                 Fire           39%        3d12      87%         8
 Lehudib's Crystal Spear  Conj/Erth      21%        10d6      100%        8


Dungeon Overview and Level Annotations

Branches:
Dungeon (10/15)            Temple (0/1) D:6
   Lair: D:8-11         Orc: D:9-12

Shops:
D:5 [   D:8 ?

Annotations:
D:10 Urug


Innate Abilities, Weirdness & Mutations

You have an increased reservoir of magic. (+10% MP)
You shall have no god before yourself.
Your divine heritage dramatically boosts your attributes as you level up.


Message History

Casting: Stone Arrow (mildly dangerous; 2% risk of failure)
Confirm with . or Enter, or press ? or * to list all spells.
Aiming: Sticky Flame (mildly dangerous; 1% risk of failure)
Press: ? - help, Shift-Dir - straight line, f/p - Urug
Aim: Urug, wielding a +3 glaive of protection, wearing a +3 chain mail of poison resistance and quivering javelins (lightly wounded)
The sticky flame hits Urug.
Urug is lightly wounded.
Urug is covered in liquid flames!
Urug burns!
Urug hits you with a +3 glaive of protection!!
Casting: Sticky Flame (mildly dangerous; 1% risk of failure)
Confirm with . or Enter, or press ? or * to list all spells.
Aiming: Stone Arrow (mildly dangerous; 2% risk of failure)
Press: ? - help, Shift-Dir - straight line, f/p - Urug
Aim: Urug, wielding a +3 glaive of protection, wearing a +3 chain mail of poison resistance and quivering javelins (lightly wounded, covered in liquid flames, 81% to hit)
The stone arrow hits Urug.
Urug is moderately wounded.
Urug burns!
Urug hits you with a +3 glaive of protection!
* * * LOW HITPOINT WARNING * * *
Casting: Stone Arrow (mildly dangerous; 2% risk of failure)
Confirm with . or Enter, or press ? or * to list all spells.
Aiming: Stone Arrow (mildly dangerous; 2% risk of failure)
Press: ? - help, Shift-Dir - straight line, f/p - Urug
Aim: Urug, wielding a +3 glaive of protection, wearing a +3 chain mail of poison resistance and quivering javelins (moderately wounded, covered in liquid flames, 81% to hit)
The stone arrow hits Urug.
Urug is moderately wounded.
Urug burns!
Urug squints, then shrugs and mutters, "Close enough."
You block Urug's attack.
Unknown command.
Okay, then.
Unknown command.
Okay, then.
Unknown command.
Aiming: Paralyse
Press: ? - help, Shift-Dir - straight line, f/p - Urug
Aim: Urug, wielding a +3 glaive of protection, wearing a +3 chain mail of poison resistance and quivering javelins (moderately wounded, covered in liquid flames, chance to affect: 31%) Urug easily resists.
Urug burns!
Urug stops burning.
Urug hits you with a +3 glaive of protection!!
You die...

.#####...####....#
.........#.......#
.........'.......####
.........#..........#
.........#..........#
.........#..........# .
.........#......#####..#
.........####'###......#
................@o.....#
.......................#
###########............#
##############


You could see Urug.

Vanquished Creatures
  3 centaur warriors (D:9)
  A hydra (D:9)
  A catoblepas (D:9)
  An orc knight (D:9)
  2 ugly things
  A cyclops (D:9)
  2 kobold demonologists (D:9)
  2 trolls
  6 yaks
  A wyvern (D:10)
  Grum (D:10)
  A steam dragon (D:8)
  3 water moccasins
  4 orc warriors
  2 ice beasts
  A black bear (D:4)
  An ogre (D:6)
  2 wolves (D:10)
  5 centaurs
  2 phantoms
  A kobold brigand (D:9)
  2 gnoll sergeants
  2 bullfrogs
  2 scorpions
  6 wights
  10 killer bees
  9 howler monkeys
  A lava snake (D:7)
  5 hounds
  2 gnoll boudas
  11 orc priests
  A jelly (D:5)
  A sleepcap (D:6)
  4 iguanas
  8 orc wizards
  Robin (D:2)
  6 adders
  18 gnolls
  3 ufetubi
  A worm (D:2)
  A dart slug (D:3)
  29 orcs
  6 endoplasms
  3 giant cockroaches
  15 goblins
  11 hobgoblins
  4 jackals
  12 kobolds
  5 quokkas
  4 ball pythons
  3 bats
  3 frilled lizards
  8 rats
240 creatures vanquished.

Vanquished Creatures (others)
  721 foxfires
721 creatures vanquished.

Grand Total: 961 creatures vanquished

Notes
Turn   | Place    | Note
-------+----------+-------------------------------------------
     0 | D:1      | ryw the Demigod Fire Elementalist began the quest for the
                  | Orb.
     0 | D:1      | Reached XP level 1. HP: 14/14 MP: 5/5
    45 | D:1      | Reached skill level 1 in Conjurations
   363 | D:1      | Reached XP level 2. HP: 16/20 MP: 4/7
   763 | D:1      | Reached skill level 3 in Fire Magic
  1603 | D:2      | Reached XP level 3. HP: 25/27 MP: 4/8
  1822 | D:2      | Noticed a green death
  2011 | D:2      | Noticed Robin
  2018 | D:2      | Killed Robin
  2592 | D:2      | Reached skill level 1 in Fighting
  2782 | D:3      | Learned a level 2 spell: Scorch
  2786 | D:3      | Learned a level 3 spell: Volatile Blastmotes
  2872 | D:3      | Reached XP level 4. HP: 35/35 MP: 1/10
  3066 | D:3      | Reached skill level 4 in Fire Magic
  3066 | D:3      | Reached XP level 5. HP: 20/40 MP: 0/11
  4739 | D:4      | Reached XP level 6. HP: 47/47 MP: 5/13
  4860 | D:4      | Reached skill level 5 in Fire Magic
  5268 | D:5      | Entered Level 5 of the Dungeon
  5466 | D:5      | Found Xoqumown's Antique Armour Shoppe.
  5476 | D:5      | Bought a runed robe for 77 gold pieces
  5509 | D:5      | Reached XP level 7. HP: 49/52 MP: 6/15
  5803 | D:5      | Reached skill level 6 in Fire Magic
  6619 | D:6      | Reached XP level 8. HP: 42/59 MP: 8/17
  6696 | D:6      | Found a staircase to the Ecumenical Temple.
  7000 | D:6      | Reached skill level 7 in Fire Magic
  7081 | D:6      | Reached skill level 1 in Shields
  7736 | D:6      | Reached skill level 5 in Conjurations
  8126 | D:6      | Identified a scroll of acquirement
  8126 | D:6      | Acquired the Thoughts on Lithomancy and Ignition
  8133 | D:6      | Learned a level 4 spell: Sticky Flame
  8138 | D:6      | Learned a level 4 spell: Flame Wave
  8153 | D:7      | Reached skill level 5 in Spellcasting
  8249 | D:5      | Reached skill level 8 in Fire Magic
  8478 | D:7      | Reached XP level 9. HP: 59/64 MP: 2/20
  9459 | D:8      | Noticed a brown ugly thing
  9465 | D:8      | Killed a brown ugly thing
  9567 | D:8      | Found Duvobb's Magic Scroll Emporium.
  9575 | D:8      | Bought a scroll of teleportation for 33 gold pieces
  9575 | D:8      | Bought a scroll of teleportation for 33 gold pieces
  9575 | D:8      | Reached skill level 11 in Fire Magic
  9575 | D:8      | Reached XP level 10. HP: 73/73 MP: 21/21
  9729 | D:8      | Learned a level 3 spell: Stone Arrow
 11451 | D:5      | Bought a bloodstained buckler for 199 gold pieces
 11451 | D:5      | Identified the +3 buckler "Fibral" {rC+} (You bought it in
                  | a shop on level 5 of the Dungeon)
 12099 | D:9      | Reached skill level 12 in Fire Magic
 12272 | D:10     | Entered Level 10 of the Dungeon
 12674 | D:10     | Noticed Grum
 12808 | D:9      | Noticed a centaur warrior
 12808 | D:9      | Noticed a cyclops
 12808 | D:9      | Noticed a purple ugly thing
 12808 | D:9      | Noticed a centaur warrior
 12808 | D:9      | Noticed a centaur warrior
 12808 | D:9      | Noticed a catoblepas
 12856 | D:9      | Killed a centaur warrior
 12857 | D:9      | Reached XP level 11. HP: 25/79 MP: 8/22
 13093 | D:9      | Identified the +4 great mace of Moral Flaws {freeze, rPois
                  | rC+ Int+4}
 13140 | D:9      | Noticed a five-headed hydra
 13144 | D:9      | Killed a catoblepas
 13236 | D:9      | Killed a five-headed hydra
 13237 | D:9      | Reached skill level 5 in Shields
 13498 | D:9      | Killed a centaur warrior
 13541 | D:9      | Killed a centaur warrior
 13620 | D:9      | Noticed an orc knight
 13751 | D:9      | Identified the ring of Meho {rPois rCorr}
 13818 | D:9      | Killed an orc knight
 13994 | D:9      | a moth of wrath changed into a fire crab
 13994 | D:9      | Noticed a fire crab (shapeshifter)
 14122 | D:10     | Killed Grum
 14668 | D:10     | Noticed Urug
 14679 | D:10     | Mangled by Urug

Illustrated notes

Levels and vault maps discovered:
D:1:      lightli_arrival_windingriver, layout_basic
D:2:      layout_loops_corners, dreamdust_ecumenical_altar_sealed_demon,
          minmay_cut_off, uniq_robin
D:3:      layout_loops_cross, moated_statue
D:4:      layout_layer_cave, abandoned_shop
D:5:      layout_loops_cross, serial_shops, nicolae_shop_statue_plus
D:6:      layout_basic, minmay_temple_entry_waves
D:7:      layout_gridville, kennysheep_generic_room_4
D:8:      layout_rooms, serial_shops, nicolae_shop_stone, grunt_decor_arrowhead,
          grunt_decor_one_mirror
D:9:      minmay_shrinking_squares, layout_basic, mainiacjoe_overflow_big_doors
D:10:     layout_irregular_city, uniq_grum, uniq_urug

Skill      XL: |  1  2  3  4  5  6  7  8  9 10 11 |
---------------+----------------------------------+-----
Conjurations   | 1 2 3 4 5 8 9 |  9.1
Stealth        | 2 |  2.0
Dodging        | 2 3 4 |  4.6
Spellcasting   | 2 3 4 5 6 |  6.0
Fire Magic     | 3 4 5 6 8 11 12 | 12.9
Fighting       | 1 2 |  2.0
Shields        | 2 3 4 5 |  5.0

Action                     |  1- 3 |  4- 6 |  7- 9 | 10-12 || total
---------------------------+-------+-------+-------+-------++-------
  Melee: Unarmed           |     8 |       |       |       ||     8
         Dagger            |    20 |    11 |    17 |    24 ||    72
  Throw: Boomerang         |       |       |    46 |       ||    46
   Cast: Foxfire           |   135 |    99 |   151 |    46 ||   431
         Scorch            |       |    22 |    63 |    53 ||   138
         Volatile Blastmot |       |     2 |     2 |    10 ||    14
         Flame Wave        |       |       |     3 |     7 ||    10
         Sticky Flame      |       |       |     4 |    19 ||    23
         Stone Arrow       |       |       |       |    52 ||    52
  Evoke: Wand              |       |       |       |     1 ||     1
    Use: Potion            |       |     1 |     1 |     1 ||     3
         Scroll            |       |     9 |     7 |     5 ||    21
 Armour: Robe              |    16 |    15 |    15 |    22 ||    68
  Dodge: Dodged            |    31 |    31 |    65 |    50 ||   177
  Block: Buckler           |       |       |       |    32 ||    32

Table legend: (Time is in decaauts)
 A = Elapsed time spent in this place.
 B = Non-inter-level travel time spent in this place.
 C = Inter-level travel time spent in this place.
 D = Time resting spent in this place.
 E = Time spent auto-exploring this place.
 F = Levels seen in this place.
 G = Mean time per level.
                   A        B        C        D        E       F      G
               +--------+--------+--------+--------+--------+-----+--------+
         Total |  14710 |  13915 |    795 |   3275 |   8434 |  10 | 1471.0 |
       Dungeon |  14710 |  13915 |    795 |   3275 |   8434 |  10 | 1471.0 |
               +--------+--------+--------+--------+--------+-----+--------+

Top non-repeatable levels by time:
     D:9: 2174 daAuts
     D:6: 1823 daAuts
     D:7: 1810 daAuts
     D:2: 1620 daAuts
     D:5: 1435 daAuts
     D:8: 1329 daAuts
     D:3: 1285 daAuts
     D:1: 1213 daAuts
     D:4: 1190 daAuts
    D:10: 827 daAuts
